 Dungeon Crawl Stone Soup version 0.22-a0-247-gbddf880757 (webtiles) character file.

125353 Peterchen the Axe Maniac (level 16, -3/228 HPs)
             Began as a Minotaur Berserker on Feb 25, 2018.
             Was a High Priest of Trog.
             Killed by the raging water
             ... invoked by a water nymph
              (22 damage)
             ... on level 3 of the Shoals.
             The game lasted 01:36:20 (24006 turns).

Peterchen the Axe Maniac (Minotaur Berserker)      Turns: 24006, Time: 01:36:20

Health: -3/228     AC: 31    Str: 27    XL:     16   Next: 41%
Magic:  15/15      EV:  2    Int:  4    God:    Trog [*****.]
Gold:   838        SH:  0    Dex: 10    Spells: 15/15 levels left

rFire    + . .     SeeInvis .   z - +5 battleaxe (drain)
rCold    . . .     Gourm    .   (shield currently unavailable)
rNeg     + + +     Faith    .   (armour currently unavailable)
rPois    +         Spirit   .   (helmet currently unavailable)
rElec    .         Reflect  .   (cloak currently unavailable)
rCorr    .         Harm     .   (gloves currently unavailable)
MR       +....     NoTele   +   (boots currently unavailable)
Stlth    +.........             J - amulet of regeneration
HPRegen  1.28/turn              v - ring of protection from fire
MPRegen  0.14/turn              M - +3 ring of protection

@: tree-form, berserk cooldown, mesmerised, slowed, very slow
A: (retaliatory headbutt), regeneration 1, weak 1
a: Berserk, Trog's Hand, Brothers in Arms, Renounce Religion


You were on level 3 of the Shoals.
You worshipped Trog.
Trog was extremely pleased with you.
You were hungry.
You were a tree.
You visited 4 branches of the dungeon, and saw 26 of its levels.
You also visited: Sewer and Bailey.

You collected 2647 gold pieces.
You spent 1809 gold pieces at shops.

Inventory:

Hand Weapons
 z - a +5 battleaxe of draining (weapon)
 R - a +4 executioner's axe of chopping
Missiles
 y - 45 tomahawks (quivered)
 C - 6 javelins
Armour
 a - the +1 pair of gloves "Qesmiopp" (melded) {+Fly Regen+ Int-2 Dex+2}
   (You bought it in a shop on level 8 of the Dungeon)

   It affects your intelligence (-2).
   It affects your dexterity (+2).
   It lets you fly.
   It increases your rate of regeneration.
 B - a +2 pair of boots (melded)
 H - the +6 plate armour "Nuashyf" (melded) {+Fly}
   (You bought it in a shop on level 2 of the Orcish Mines)

   It lets you fly.
 X - a +1 cloak of poison resistance (melded)
 Y - a +2 hat (melded)
Jewellery
 v - a ring of protection from fire (left branch)
 J - an amulet of regeneration (around neck)
 M - a +3 ring of protection (right branch)
Wands
 f - a wand of acid (27)
 h - a wand of iceblast (10)
 s - a wand of digging (16)
 E - a wand of flame (112)
 F - a wand of enslavement (13)
 O - a wand of paralysis (18)
 Q - a wand of random effects (69)
 U - a wand of polymorph (17)
Scrolls
 b - 5 scrolls of immolation
 l - 15 scrolls of teleportation
 m - 4 scrolls of fog
 n - 10 scrolls of remove curse
 x - 4 scrolls of fear
 G - 3 scrolls of silence
 K - a scroll of magic mapping
 L - 4 scrolls of identify
 N - 2 scrolls of vulnerability
 S - a scroll of enchant armour
 T - a scroll of blinking
 V - a scroll of summoning
Potions
 d - 8 potions of magic
 e - 4 potions of flight
 g - 6 potions of agility
 j - 3 potions of might
 k - 4 potions of lignification
 o - 2 potions of resistance
 p - 2 potions of haste
 q - 3 potions of brilliance
 r - 2 potions of invisibility
 t - 5 potions of mutation
 w - 3 potions of cancellation
 A - 6 potions of curing
 D - 4 potions of ambrosia
Miscellaneous
 W - a sack of spiders
Comestibles
 c - 48 rations


   Skills:
 + Level 16.7 Fighting
 O Level 27 Axes
 - Level 2.4 Armour
 - Level 2.1 Dodging


You had 15 spell levels left.
You didn't know any spells.

Dungeon Overview and Level Annotations

Branches:
Dungeon (15/15)            Temple (0/1) D:5            Lair (6/6) D:11
 Shoals (3/4) Lair:2        Snake (0/4) Lair:3        Slime (0/5) Lair:6
    Orc (2/2) D:10            Elf (0/3) Orc:2        Vaults (0/5) D:13
 Depths (0/5) D:15

Altars:
Cheibriados
Elyvilon
Gozag
Nemelex Xobeh
Ru
Trog
Wu Jian
The Shining One
Beogh

Shops:
D:8 [   D:15 =   Orc:2 ([?:   Shoals:1 ?   Shoals:3 =

Annotations:
Shoals:3 Polyphemus


Innate Abilities, Weirdness & Mutations

((You reflexively headbutt those who attack you in melee.))
((You have a pair of horns on your head.))
((You have large cloven feet.))
Your natural rate of healing is unusually fast.
You are weak. (Str -2)


Message History

The water nymph touches you.
You barely miss the water nymph.
The water nymph is severely wounded.
You hit the plant. You hit the sea snake but do no damage.
The sea snake bites you.
* * * LOW HITPOINT WARNING * * *
The merfolk avatar chants its luring song.
The merfolk hits you but does no damage.
The water nymph casts a spell at you. The water swirls and strikes you!
* * * LOW HITPOINT WARNING * * *
You hit the water nymph.
The water nymph is severely wounded.
You hit the plant but do no damage. You miss the sea snake.
The sea snake bites you but does no damage. x2
The merfolk hits you but does no damage.
The merfolk avatar chants its luring song.
The water nymph gestures at you while chanting.
The water swirls and strikes you!
You die...

...P #P<)###..P≈≈
..P.###.....≈≈≈≈≈
....P...))..≈≈P≈P
≈..P.≈≈≈≈≈≈≈≈≈P≈≈
P....P≈(≈≈≈≈≈≈≈≈≈
≈≈≈≈P≈≈≈≈≈≈≈≈≈≈≈P
≈≈≈≈≈≈≈≈m≈..≈≈≈≈≈
≈≈≈≈≈≈≈PS≈...≈≈≈≈
≈≈≈≈≈≈≈m♣≈...≈≈≈≈
≈..≈P≈≈≈≈≈≈≈≈≈≈≈
.....(≈≈≈≈≈≈≈≈≈≈
.......≈≈≈m≈≈≈≈≈
.......≈≈≈≈≈≈≈≈≈
.......≈≈≈≈≈≈≈≈≈
......≈≈≈≈≈≈≈≈≈
≈....≈≈≈≈≈≈≈≈≈≈


You could see a merfolk avatar, a sea snake, a merfolk and a water nymph.

Vanquished Creatures
  Nikola (Shoals:1)
  Agnes (D:14)
  Frances (D:13)
  Kirke (Shoals:1)
  Donald (Shoals:1)
  The ghost of Execuda the Metallomancer, an adept GrEE of Vehumet (Shoals:1)
  An orc warlord (Orc:2)
  The ghost of Sergey the Severer, a journeyman DDAM of Makhleb (Shoals:1)
  The ghost of kroki the Severer, a journeyman MiBe of Trog (Lair:6)
  Snorg (Lair:3)
  2 ettins
  A merfolk impaler (Shoals:3)
  2 ogre magi
  7 hydras
  2 anacondas (Lair:4)
  An alligator snapping turtle (Shoals:1)
  3 centaur warriors
  4 death yaks
  8 two-headed ogres
  2 tengu warriors (D:15)
  Urug (Lair:2)
  Sonja (D:12)
  3 sea snakes (Shoals:2)
  A deep troll (D:15)
  A skeletal warrior (D:13)
  2 unseen horrors
  5 orc knights
  10 harpies
  The ghost of Peterchen the Cleaver, a novice MiBe of Trog (D:6)
  An oklob plant (Lair:6)
  5 manticores
  7 cyclopes
  7 fauns
  2 orc sorcerers (Orc:2)
  5 deep elf magi
  2 ugly things
  6 black mambas
  4 elephants (Lair:6)
  Maurice (D:8)
  5 merfolk sirens
  A water nymph (Shoals:3)
  Psyche (D:11)
  12 spiny frogs
  6 kobold demonologists
  3 rime drakes
  10 komodo dragons
  5 centaur skeletons
  An efreet (D:12)
  4 polar bears (Lair:6)
  12 merfolk
  4 hornets
  3 blink frogs (Lair:6)
  Prince Ribbit (D:8)
  A wind drake (Shoals:1)
  3 trolls
  4 slime creatures (D:13)
  14 dream sheep
  7 hippogriffs
  4 snapping turtles
  A shadow (D:15)
  13 spriggans (Lair:6)
  4 wraiths
  4 water elementals
  2 vampires
  Eustachio (D:5)
  3 wyverns
  2 basilisks
  19 yaks
  A golden eye (shapeshifter) (D:15)
  2 hogs (Shoals:1)
  5 hungry ghosts
  2 vampire mosquitoes (D:12)
  Menkaure (D:7)
  4 nagas (Lair:3)
  4 wargs
  2 acid dragons
  18 water moccasins
  7 porcupines
  A soldier ant (D:13)
  2 hell hounds (D:11)
  A swamp drake (Orc:1)
  50 orc warriors
  An ice beast (D:15)
  5 black bears
  3 eyes of draining
  18 ogres
  4 sky beasts
  14 boggarts
  28 wolves
  2 phantoms
  22 centaurs
  4 necrophages (Lair:2)
  5 crocodiles
  16 big kobolds
  17 bullfrogs
  A gnoll sergeant (D:5)
  A wyvern zombie (D:15)
  2 scorpions
  A wyvern skeleton (D:13)
  2 troll zombies (D:10)
  58 killer bees
  8 wights
  4 electric eels
  2 howler monkeys (D:10)
  9 crimson imps
  A bullfrog zombie (D:8)
  4 centaur zombies
  24 orc priests
  3 hounds
  6 jellies
  An iron imp (Orc:1)
  9 iguanas
  Jessica (D:3)
  5 bullfrog skeletons
  39 orc wizards
  6 worker ants
  6 ogre zombies (D:10)
  A hound zombie (D:7)
  2 hound skeletons
  Robin (D:4)
  3 worker ant zombies
  26 gnolls
  2 howler monkey skeletons
  12 adders
  3 shadow imps
  A white imp (Orc:1)
  3 worms
  3 dart slugs
  5 leopard geckos
  135 orcs
  4 giant cockroaches
  32 goblins
  14 hobgoblins
  9 jackals
  5 quokkas
  2 ball pythons
  9 bats
  9 frilled lizards
  3 goblin zombies (D:10)
  A hobgoblin skeleton (D:10)
  5 hobgoblin zombies (D:10)
  26 kobolds
  An orc skeleton (D:10)
  15 orc zombies (D:10)
  2 quokka zombies (D:9)
  13 rats
  2 fungi
  5 plants
1043 creatures vanquished.

Vanquished Creatures (collateral kills)
  Roxanne (D:15)
  Louise (Shoals:1)
  A merfolk impaler (Shoals:1)
  A cyclops (D:14)
  3 oklob plants (Lair:6)
  A manticore (Shoals:1)
  4 merfolk (Shoals:1)
  A hippogriff (D:14)
  3 hogs (Shoals:1)
  A water elemental (Shoals:1)
  An acid dragon (D:14)
18 creatures vanquished.

Vanquished Creatures (others)
  14 fungi
  8 plants
22 creatures vanquished.

Grand Total: 1083 creatures vanquished

Notes
Turn   | Place    | Note
-------+----------+-------------------------------------------
     0 | D:1      | Peterchen the Minotaur Berserker began the quest for the Orb.
     0 | D:1      | Reached XP level 1. HP: 19/19 MP: 0/0
    58 | D:1      | Reached skill level 4 in Axes
   226 | D:1      | Reached XP level 2. HP: 26/26 MP: 1/1
   473 | D:1      | Reached skill level 5 in Axes
  1033 | D:2      | Reached ** piety under Trog
  1038 | D:2      | Reached XP level 3. HP: 31/31 MP: 2/2
  1085 | D:2      | Found a snail-covered altar of Cheibriados.
  1206 | D:2      | Reached XP level 4. HP: 38/39 MP: 0/3
  1207 | D:2      | Reached skill level 6 in Axes
  1489 | D:3      | Noticed Jessica
  1494 | D:3      | Killed Jessica
  1494 | D:3      | Reached skill level 7 in Axes
  1494 | D:3      | Reached XP level 5. HP: 12/45 MP: 4/4
  1839 | D:3      | Reached *** piety under Trog
  1951 | D:3      | Found a faded altar of an unknown god.
  2280 | D:4      | Noticed an ogre
  2298 | D:4      | Reached skill level 8 in Axes
  2300 | D:4      | Killed an ogre
  2300 | D:4      | Reached XP level 6. HP: 51/51 MP: 3/5
  2319 | D:4      | Reached skill level 9 in Axes
  2427 | D:4      | Reached XP level 7. HP: 27/57 MP: 4/6
  2484 | D:4      | Found a glowing drain.
  2496 | Sewer    | Entered a sewer
  2685 | Sewer    | Reached skill level 10 in Axes
  2759 | D:4      | Reached **** piety under Trog
  2921 | D:4      | Noticed Robin
  2928 | D:4      | Killed Robin
  3111 | D:4      | Found an opulent altar of Gozag.
  3151 | D:5      | Entered Level 5 of the Dungeon
  3199 | D:5      | Reached skill level 11 in Axes
  3524 | D:5      | Reached XP level 8. HP: 64/64 MP: 5/7
  3716 | D:5      | Reached skill level 12 in Axes
  3891 | D:5      | Noticed Eustachio
  3900 | D:5      | Killed Eustachio
  3904 | D:5      | Reached ***** piety under Trog
  3986 | D:5      | Found a staircase to the Ecumenical Temple.
  4121 | D:6      | Reached skill level 13 in Axes
  4587 | D:6      | Noticed Peterchen's ghost (novice MiBe)
  4609 | D:6      | Killed Peterchen's ghost
  4609 | D:6      | Reached skill level 14 in Axes
  4609 | D:6      | Reached XP level 9. HP: 31/70 MP: 2/8
  5282 | D:7      | Noticed Menkaure
  5290 | D:7      | Killed Menkaure
  5290 | D:7      | Reached skill level 15 in Axes
  5410 | D:7      | Found a sacrificial altar of Ru.
  6015 | D:8      | Reached skill level 16 in Axes
  6252 | D:8      | Noticed a two-headed ogre
  6265 | D:8      | Killed a two-headed ogre
  6265 | D:8      | Reached XP level 10. HP: 50/77 MP: 4/9
  6431 | D:8      | Found an ornate altar of the Wu Jian Council.
  6432 | D:8      | Found a glowing golden altar of the Shining One.
  6439 | D:8      | Found Piano's Armour Shop.
  6447 | D:8      | Bought the +1 pair of gloves "Qesmiopp" {+Fly Regen+ Int-2 Dex+2} for 279 gold pieces
  6464 | D:8      | Noticed Maurice
  6479 | D:8      | Killed Maurice
  6549 | D:8      | Noticed Prince Ribbit
  6550 | D:8      | Gained mutation: You have large cloven feet. [potion of mutation]
  6550 | D:8      | Gained mutation: Your magical capacity is low. (-10% MP) [potion of mutation]
  6550 | D:8      | Lost mutation: Your magical capacity is low. (-10% MP) [potion of mutation]
  6550 | D:8      | Gained mutation: Your natural rate of healing is unusually fast. [potion of mutation]
  6552 | D:8      | Noticed a two-headed ogre
  6561 | D:8      | Killed a two-headed ogre
  6561 | D:8      | Reached skill level 17 in Axes
  6578 | D:8      | Killed Prince Ribbit
  6749 | D:8      | Received a gift from Trog
  6764 | D:8      | Noticed a soul eater
  6764 | D:8      | Reached skill level 18 in Axes
  6784 | D:8      | Noticed a smoke demon
  7333 | D:9      | Reached XP level 11. HP: 80/82 MP: 3/10
  7769 | D:10     | Entered Level 10 of the Dungeon
  7867 | D:10     | Found a staircase to the Orcish Mines.
  7902 | D:10     | Reached ****** piety under Trog
  7918 | D:10     | Reached skill level 19 in Axes
  8628 | D:11     | Killed an unseen horror
  8691 | D:11     | Found a sparkling altar of Nemelex Xobeh.
  8801 | D:11     | Received a gift from Trog
  8804 | D:11     | Reached skill level 20 in Axes
  8813 | D:11     | Noticed a white ugly thing
  8821 | D:11     | Killed a white ugly thing
  8914 | D:11     | Found a staircase to the Lair.
  9315 | D:12     | Noticed a five-headed hydra
  9323 | D:12     | Killed an eight-headed hydra
  9335 | D:12     | Noticed a deep elf mage
  9348 | D:12     | Killed a deep elf mage
  9353 | D:12     | Noticed Psyche
  9392 | D:11     | Paralysed by something for 7 turns
  9403 | D:11     | Killed Psyche
  9403 | D:11     | Reached skill level 21 in Axes
  9482 | D:12     | Reached XP level 12. HP: 78/91 MP: 11/11
  9535 | D:12     | Reached skill level 5 in Fighting
  9754 | D:12     | Found a flagged portal.
  9761 | Bailey   | Entered a bailey
  9832 | Bailey   | Found an iron altar of Okawaru.
  9878 | Bailey   | Received a gift from Trog
 10026 | Bailey   | Got a steaming chain mail
 10037 | Bailey   | Identified the +6 chain mail "Riuce" {+Blink} (You found it in a bailey)
 10184 | Bailey   | Reached skill level 10 in Fighting
 10483 | D:12     | Noticed Sonja
 10488 | D:12     | Killed Sonja
 10902 | D:13     | Noticed an eight-headed hydra
 10910 | D:13     | Killed an 11-headed hydra
 10968 | D:13     | Noticed Frances
 10986 | D:13     | Noticed a five-headed hydra
 11009 | D:13     | Killed Frances
 11227 | D:13     | Reached XP level 13. HP: 83/119 MP: 12/12
 11307 | D:13     | Paralysed by an ogre mage for 4 turns
 11367 | D:13     | Found a gate to the Vaults.
 11685 | D:13     | Got a shimmering chain mail
 11696 | D:13     | Identified the cursed +1 chain mail of the Black Skies {*Contam rF+ Int-3 Dex+3 Stlth+} (You found it on level 13 of the Dungeon)
 11696 | D:13     | Lost intelligence.
 11769 | D:13     | Gained mutation: You are weak. (Str -2) [mutagenic glow]
 12076 | D:14     | Noticed Agnes
 12085 | D:14     | Killed Agnes
 12179 | D:14     | Got a sparkling golden ring
 12187 | D:14     | Received a gift from Trog
 12533 | D:14     | Reached skill level 22 in Axes
 12697 | D:14     | Found a white marble altar of Elyvilon.
 12839 | D:15     | Entered Level 15 of the Dungeon
 12839 | D:15     | Noticed Roxanne
 12980 | D:15     | Noticed an ettin
 12997 | D:15     | Killed an ettin
 13145 | D:15     | Found a staircase to the Depths.
 13184 | D:15     | Killed Roxanne
 13326 | D:15     | Found a bloodstained altar of Trog.
 13346 | D:15     | Reached XP level 14. HP: 80/132 MP: 13/13
 13569 | D:15     | Reached skill level 23 in Axes
 13762 | D:15     | Found Olorgha's Jewellery Emporium.
 13840 | D:15     | Identified the ring of Ewiotz {Ice rN+ Dex+2} (You found it on level 14 of the Dungeon)
 15175 | Orc:1    | Entered Level 1 of the Orcish Mines
 15185 | Orc:1    | Received a gift from Trog
 16057 | Orc:2    | Entered Level 2 of the Orcish Mines
 16137 | Orc:2    | Found a roughly hewn altar of Beogh.
 16186 | Orc:2    | Found a roughly hewn altar of Beogh.
 16187 | Orc:2    | Found Ynus's Book Boutique.
 16190 | Orc:2    | Received a gift from Trog
 16334 | Orc:2    | Found a roughly hewn altar of Beogh.
 16369 | Orc:2    | Found a roughly hewn altar of Beogh.
 16511 | Orc:2    | Found a roughly hewn altar of Beogh.
 16537 | Orc:2    | Found a staircase to the Elven Halls.
 16552 | Orc:2    | Found a roughly hewn altar of Beogh.
 16563 | Orc:2    | Found Unocs's Magic Scroll Emporium.
 16574 | Orc:2    | Bought a scroll of enchant armour for 135 gold pieces
 16574 | Orc:2    | Bought a scroll of teleportation for 54 gold pieces
 16574 | Orc:2    | Bought a scroll of identify for 36 gold pieces
 16574 | Orc:2    | Bought a scroll of identify for 36 gold pieces
 16574 | Orc:2    | Bought a scroll of identify for 36 gold pieces
 16574 | Orc:2    | Bought a scroll of identify for 36 gold pieces
 16574 | Orc:2    | Bought a scroll of enchant armour for 135 gold pieces
 16574 | Orc:2    | Bought a scroll of teleportation for 54 gold pieces
 16781 | Orc:2    | Noticed an orc warlord
 16786 | Orc:2    | Received a gift from Trog
 16794 | Orc:2    | Killed an orc warlord
 16794 | Orc:2    | Reached skill level 24 in Axes
 16814 | Orc:2    | Found a roughly hewn altar of Beogh.
 16814 | Orc:2    | Found Nuezoh's Antique Weapon Boutique.
 16847 | Orc:2    | Found Puoru's Antique Armour Shop.
 16867 | Orc:2    | Bought a pair of embroidered gloves for 172 gold pieces
 16888 | Orc:2    | Bought a distressingly furry plate armour for 644 gold pieces
 16898 | Orc:2    | Identified the +6 plate armour "Nuashyf" {+Fly} (You bought it in a shop on level 2 of the Orcish Mines)
 17085 | Lair:1   | Entered Level 1 of the Lair of Beasts
 17396 | Lair:1   | Received a gift from Trog
 17976 | Lair:2   | Found a staircase to the Shoals.
 18100 | Lair:2   | Noticed Urug
 18114 | Lair:2   | Killed Urug
 18724 | Lair:3   | Noticed Snorg
 18732 | Lair:3   | Killed Snorg
 18732 | Lair:3   | Reached skill level 25 in Axes
 18872 | Lair:3   | Found a staircase to the Snake Pit.
 18946 | Lair:3   | Reached XP level 15. HP: 137/137 MP: 14/14
 19327 | Lair:4   | Received a gift from Trog
 20800 | Lair:6   | Entered Level 6 of the Lair of Beasts
 21042 | Lair:6   | Reached skill level 26 in Axes
 21098 | Lair:6   | Received a gift from Trog
 21145 | Lair:6   | Paralysed by a hornet for 3 turns
 21281 | Lair:6   | Found a staircase to the Slime Pits.
 21387 | Lair:6   | Noticed kroki's ghost (journeyman MiBe)
 21401 | Lair:6   | Killed kroki's ghost
 21418 | Lair:6   | Got a vibrating bone ring
 21419 | Lair:6   | Identified the ring "Hitocavu" {+Blink MP+9 Dex+3} (You found it on level 6 of the Lair of Beasts)
 22396 | Shoals:1 | Entered Level 1 of the Shoals
 22396 | Shoals:1 | Noticed Louise
 22404 | Shoals:1 | Killed Louise
 22429 | Shoals:1 | Found Fubb's Magic Scroll Shoppe.
 22440 | Shoals:1 | Bought a scroll of teleportation for 48 gold pieces
 22440 | Shoals:1 | Bought a scroll of teleportation for 48 gold pieces
 22440 | Shoals:1 | Bought a scroll of teleportation for 48 gold pieces
 22440 | Shoals:1 | Bought a scroll of teleportation for 48 gold pieces
 22583 | Shoals:1 | Noticed Kirke
 22603 | Shoals:1 | Killed Kirke
 22618 | Shoals:1 | Noticed Sergey's ghost (journeyman DDAM)
 22631 | Shoals:1 | Killed Sergey's ghost
 22656 | Shoals:1 | Reached skill level 27 in Axes
 22734 | Shoals:1 | Noticed Execuda's ghost (adept GrEE)
 22762 | Shoals:1 | Killed Execuda's ghost
 22796 | Shoals:1 | Noticed Nikola
 22810 | Shoals:1 | Killed Nikola
 22810 | Shoals:1 | Reached XP level 16. HP: 116/146 MP: 15/15
 23078 | Shoals:2 | Noticed Donald
 23092 | Shoals:1 | Killed Donald
 23092 | Shoals:1 | Reached skill level 15 in Fighting
 23287 | Shoals:2 | Received a gift from Trog
 23855 | Shoals:3 | Noticed Polyphemus
 23990 | Shoals:3 | Found Udwyariy's Jewellery Boutique.
 24006 | Shoals:3 | Killed from afar by a water nymph

Vault maps used:
D:1:      minmay_arrival_solitary_statue
D:2:      cheibriados_altar_1
D:3:      chequers_ecumenical_altar_island, uniq_jessica
D:4:      nicolae_gozag_cash_rules_everything_around_me,
          cheibrodos_sewer_entry_drain, minmay_misc_feat_alley, uniq_robin
D:5:      temple_hall, first_ration, uniq_eustachio
D:7:      nicolae_overflow_crystal_walls, grunt_ogre_cave, uniq_menkaure
D:8:      gammafunk_temple_overflow_statue, serial_shops, nicolae_shop_crystal,
          special_room, uniq_prince_ribbit1, uniq_maurice
D:10:     zombieorc2_lemuel
D:11:     minmay_lair_entry_lava, basic_altar
D:12:     enter_bailey_2, portal_ice_cave_entry_pillars_2, uniq_sonja,
          uniq_psyche
D:13:     hangedman_vaults_entry_quadrant_bands, fungi_pond_lemuel, uniq_frances
D:14:     elyvilon_altar_3, uniq_agnes
D:15:     hangedman_depths_entry_civil_slaughter, serial_shops, shop,
          basic_altar, nrook_mini_vaults, uniq_roxanne
Lair:1:   wad_woods_minihive
Lair:2:   beast_lair_carwin_large_3, minmay_shoals_entry_centaurs,
          roderic_carrion_pond, infiniplex_staircase_pool, uniq_urug
Lair:3:   minmay_snake_entry_guardpost_medium, grunt_megastairs_2, uniq_snorg
Lair:4:   beast_lair_carwin_large_2, lemuel_fruit_tree
Lair:6:   minmay_lair_end_enchanted_forest, slime_dummy,
          minmay_lair_oklob_chamber
Shoals:1: serial_shops, shop, uniq_louise, uniq_nikola, uniq_kirke
Shoals:2: uniq_donald
Shoals:3: serial_shops, shop, nicolae_shoals_c_island, uniq_polyphemus,
          uniq_mara
Orc:1:    nicolae_orc_jurassic_orc, hangedman_minor_magic
Orc:2:    grunt_orc_community_town_hall, grunt_orc_community_big_house_2,
          grunt_orc_community_big_house_1, grunt_orc_community_house_1,
          grunt_orc_community_house_2, grunt_orc_community_house_3,
          grunt_orc_community_house_3, basic_altar, rock_pile
Sewer:    sewer_the_crocodile
Bailey:   bailey_axe_of_yendor_kennysheep, bailey

Skill      XL: |  1  2  3  4  5  6  7  8  9 10 11 12 13 14 15 16 |
---------------+-------------------------------------------------+-----
Axes           | 4 5 7 8 9 11 14 16 18 21 22 25 27 | 27.0
Fighting       | 4 12 14 16 | 16.7
Armour         | |  2.4
Dodging        | |  2.1

Action                   |  1- 3 |  4- 6 |  7- 9 | 10-12 | 13-15 | 16-18 || total
-------------------------+-------+-------+-------+-------+-------+-------++-------
Melee: Hand axe          |    78 |   121 |   137 |       |       |       ||   336
       Headbutt          |     7 |    20 |    67 |   122 |   253 |    36 ||   505
       War axe           |       |       |   198 |    94 |       |       ||   292
       Battleaxe         |       |       |       |   398 |   945 |   146 ||  1489
       Executioner's axe |       |       |       |    71 |   242 |       ||   313
Invok: Berserk           |     1 |     3 |    10 |     9 |    19 |     2 ||    44
       Trog's Hand       |       |     1 |     1 |     2 |     6 |       ||    10
       Brothers in Arms  |       |       |       |       |     8 |       ||     8
 Abil: Evoke Flight      |       |       |       |       |       |     1 ||     1
Evoke: Wand              |       |       |       |     4 |    12 |       ||    16
  Use: Scroll            |       |       |    13 |     9 |    14 |     5 ||    41
       Potion            |       |       |       |     5 |     5 |     8 ||    18
 Stab: Sleeping          |     1 |       |       |       |       |       ||     1
       Paralysed         |       |       |       |       |     2 |       ||     2
  Eat: Chunk             |     2 |     7 |    21 |    23 |    46 |     2 ||   101
       Ration            |       |       |       |     1 |     4 |     1 ||     6
Armor: Animal skin       |     2 |       |       |       |       |       ||     2
       Chain mail        |    49 |    63 |   157 |   159 |   260 |       ||   688
       Plate armour      |       |       |       |   179 |   502 |   214 ||   895
       Skin              |       |       |       |    16 |       |    11 ||    27
Dodge: Dodged            |    42 |    61 |   138 |   220 |   364 |    74 ||   899

Table legend:
 A = Spawn XP
 B = Non-spawn XP
 C = Spawn XP percentage of total XP
 D = Spawn monster count
 E = Non-spawn monster count
 F = Spawn count percentage of total count
 G = Total turns spent on level
                    A         B        C        D         E        F      G
               +---------+---------+-------+---------+---------+-------+---------
         Total |       0 |  179076 |   0.0 |       0 |    1054 |   0.0 | 24006
               +---------+---------+-------+---------+---------+-------+---------
           D:1 |       0 |      38 |   0.0 |       0 |      25 |   0.0 |  1029
           D:2 |       0 |      80 |   0.0 |       0 |      23 |   0.0 |   383
           D:3 |       0 |     175 |   0.0 |       0 |      31 |   0.0 |   814
           D:4 |       0 |     561 |   0.0 |       0 |      34 |   0.0 |   690
           D:5 |       0 |    1176 |   0.0 |       0 |      35 |   0.0 |   965
           D:6 |       0 |    1433 |   0.0 |       0 |      39 |   0.0 |  1052
           D:7 |       0 |    1325 |   0.0 |       0 |      26 |   0.0 |  1041
           D:8 |       0 |    5253 |   0.0 |       0 |      52 |   0.0 |  1176
           D:9 |       0 |    1288 |   0.0 |       0 |      25 |   0.0 |   747
          D:10 |       0 |    1783 |   0.0 |       0 |      43 |   0.0 |   776
          D:11 |       0 |    6213 |   0.0 |       0 |      36 |   0.0 |   989
          D:12 |       0 |    9117 |   0.0 |       0 |      56 |   0.0 |   881
          D:13 |       0 |   15767 |   0.0 |       0 |      56 |   0.0 |  1220
          D:14 |       0 |    7088 |   0.0 |       0 |      28 |   0.0 |   830
          D:15 |       0 |   15129 |   0.0 |       0 |      40 |   0.0 |  1765
        Lair:1 |       0 |    4676 |   0.0 |       0 |      57 |   0.0 |   890
        Lair:2 |       0 |    7415 |   0.0 |       0 |      28 |   0.0 |   759
        Lair:3 |       0 |    6373 |   0.0 |       0 |      28 |   0.0 |   656
        Lair:4 |       0 |    6470 |   0.0 |       0 |      24 |   0.0 |   811
        Lair:5 |       0 |    4662 |   0.0 |       0 |      13 |   0.0 |   804
        Lair:6 |       0 |   22889 |   0.0 |       0 |      86 |   0.0 |  1391
      Shoals:1 |       0 |   20621 |   0.0 |       0 |      31 |   0.0 |   788
      Shoals:2 |       0 |   15869 |   0.0 |       0 |      31 |   0.0 |   754
      Shoals:3 |       0 |    3938 |   0.0 |       0 |       7 |   0.0 |    68
         Orc:1 |       0 |    4786 |   0.0 |       0 |      49 |   0.0 |   893
         Orc:2 |       0 |   11454 |   0.0 |       0 |     105 |   0.0 |   991
         Sewer |       0 |     114 |   0.0 |       0 |       6 |   0.0 |   257
        Bailey |       0 |    3383 |   0.0 |       0 |      40 |   0.0 |   586
               +---------+---------+-------+---------+---------+-------+---------
